 Dungeon Crawl Stone Soup version 0.31-a0-369-g8eba5f6939 (webtiles) character file.

Game seed: 17180308663227545285

100 quinnr the Gusty (level 4, -1/26 HPs)
             Began as a Tengu Air Elementalist on July 28, 2023.
             Slain by a gnoll
             ... wielding a +0 whip of electrocution
              (2 damage)
             ... on level 2 of the Dungeon.
             The game lasted 00:03:37 (1666 turns).

quinnr the Gusty (Tengu Air Elementalist)           Turns: 1666, Time: 00:03:38

Health: -1/26      AC:  2    Str:  9    XL:     4   Next: 73%
Magic:  5/8        EV: 12    Int: 17    God:
Gold:   70         SH:  0    Dex: 14    Spells: 6/7 levels left

rFire   . . .        (no weapon)
rCold   . . .        k - orb {*channel}
rNeg    . . .        a - +0 robe
rPois   .            (helmet restricted)
rElec   .            (no cloak)
rCorr   .            (no gloves)
SInv    .            (boots unavailable)
Will    .....        (no amulet)
Stlth   +++          (no ring)
HPRegen 0.24/turn    (no ring)
MPRegen 0.11/turn

%: channel magic (20%)
@: very slightly contaminated
A: beak, talons 3
a: no special abilities


You were on level 2 of the Dungeon.
You visited 1 branch of the dungeon, and saw 2 of its levels.

You collected 70 gold pieces.


Innate Abilities, Weirdness & Mutations

You have a beak for a mouth.
You have claws for feet.


   Skills:
 + Level 1.6 Fighting
 - Level 2.4 Dodging
 - Level 4.0 Stealth
 - Level 2.2 Spellcasting
 - Level 1.9 Conjurations
 - Level 4.2 Air Magic


You had 6 spell levels left.
You knew the following spells:

 Your Spells              Type           Power      Damage    Failure   Level
z - Shock                 Conj/Air       48%        1d6       16%         1

Your spell library contained the following spells:

 Spells                   Type           Power      Damage    Failure   Level
 Static Discharge         Conj/Air       24%        2-3/arc   21%         2
 Swiftness                Air            16%        N/A       24%         3
 Sandblast                Erth           2%         2d4       38%         1
 Passwall                 Tmut/Erth      0%         N/A       50%         2
 Sublimation of Blood     Necr           1%         N/A       50%         2
 Wereblood                Tmut           1%         N/A       50%         2
 Airstrike                Air            8%         2d(2-18)  54%         4
 Stone Arrow              Conj/Erth      10%        3d7       58%         3
 Summon Hydra             Summ           0%         N/A       100%        7

Inventory:

Armour
 a - a +0 robe (worn)
 k - an orb of energy (worn)
Scrolls
 f - a scroll of fog {unknown}
 g - a scroll of enchant weapon {unknown}
 i - a scroll of silence {unknown}
 j - a scroll of teleportation {unknown}
 m - 2 scrolls of identify {unknown}
Potions
 b - a potion of magic
 c - a potion of brilliance {unknown}
 d - a potion of heal wounds {unknown}
 e - 2 potions of mutation {unknown}
 h - a potion of might {unknown}
 l - 2 potions of attraction {unknown}

Dungeon Overview and Level Annotations

Branches:
Dungeon (2/15)

Altars:

Shops:
D:1

!( ### ##### ##.##
####...####.#.##
#.......##.....#######
#.........#..........#
####.............##.###.#
#.........@g.#####.## #.#
#.##.#....รท##.###.#####.###
#)##.#....## #.#...........
#.##.#.#### #.#.##.#..##.
#.##.#.# ###.##.#..#
#....).# #.##...w# ####.###
#.##/#.## #.# ........ #.#
#......(.


You could see a gnoll.


Message History

The gnoll is severely wounded.
The zap misses the gnoll.
Unknown command.
Casting: Shock (safe; 16% risk of failure)
Confirm with . or Enter, or press ? or * to list all spells.
Aiming: Shock (safe; 16% risk of failure)
Press: ? - help, Shift-Dir - straight line You miscast Shock.
You are very lightly contaminated with residual magic.
Nothing appears to happen.
Magical energy flows into your mind!
The gnoll hits you with a +0 whip of electrocution.
Unknown command.
Unknown command.
Casting: Shock (safe; 16% risk of failure)
Confirm with . or Enter, or press ? or * to list all spells.
Aiming: Shock (safe; 16% risk of failure)
Press: ? - help, Shift-Dir - straight line You miscast Shock.
Nothing appears to happen.
Magical energy flows into your mind!
The gnoll hits you with a +0 whip of electrocution.
You are electrocuted!!
Ouch! That really hurt!
* * * LOW HITPOINT WARNING * * *
Unknown command.
Okay, then.
Okay, then.
Okay, then.
The gnoll attacks as you move away!
The gnoll hits you with a +0 whip of electrocution.
You die...

Skill      XL: |  1  2  3  4 |
---------------+-------------+-----
Stealth        | 3 4 |  4.0
Fighting       | 1 |  1.6
Dodging        | |  2.4
Spellcasting   | |  2.2
Conjurations   | |  1.9
Air Magic      | |  4.2

Action                     |  1- 3 |  4- 6 || total
---------------------------+-------+-------++-------
  Melee: Unarmed           |     7 |       ||     7
         Kick              |     3 |       ||     3
         Peck              |     2 |       ||     2
   Cast: Shock             |    57 |    26 ||    83
 Armour: Robe              |     1 |       ||     1
  Dodge: Dodged            |    18 |     1 ||    19

Levels and vault maps discovered:
D:1:      minmay_arrival_diagonal_passages, layout_rooms, serial_shops, shop,
          shop, shop, hellmonk_ecumenical_altar_lost_god
D:2:      layout_loops_cross, grunt_ministairs_7, uniq_terence,
          uniq_crazy_yiuf_cottage

Notes
Turn   | Place    | Note
-------+----------+-------------------------------------------
     0 | D:1      | quinnr the Tengu Air Elementalist began the quest for the
                  | Orb.
     0 | D:1      | Reached XP level 1. HP: 10/10 MP: 4/4
   160 | D:1      | Reached XP level 2. HP: 15/15 MP: 1/6
   215 | D:1      | Found Foulopp's Weapon Boutique.
   416 | D:1      | Found Egedesuf's Magic Scroll Boutique.
   561 | D:1      | Found Fivonual's Distillery.
   695 | D:1      | Found a faded altar of an unknown god.
   719 | D:1      | Reached XP level 3. HP: 18/19 MP: 0/7
  1000 | D:2      | Noticed Terence
  1009 | D:2      | Killed Terence
  1010 | D:2      | Reached skill level 3 in Stealth
  1237 | D:2      | Reached XP level 4. HP: 22/24 MP: 2/8
  1379 | D:2      | Reached skill level 4 in Stealth
  1416 | D:2      | Reached skill level 1 in Fighting
  1665 | D:2      | HP: 1/26 [gnoll/+0 whip of electrocution (18)]
  1666 | D:2      | Slain by a gnoll

Vanquished Creatures
  Terence (D:2)
  An adder (D:2)
  3 gnolls (D:2)
  A dart slug (D:1)
  3 endoplasms
  2 giant cockroaches
  2 goblins (D:1)
  4 hobgoblins
  2 jackals (D:1)
  4 ball pythons
  2 bats (D:1)
  5 frilled lizards (D:1)
  2 kobolds
  2 rats
34 creatures vanquished.

Table legend: (Time is in decaauts)
 A = Elapsed time spent in this place.
 B = Non-inter-level travel time spent in this place.
 C = Inter-level travel time spent in this place.
 D = Time resting spent in this place.
 E = Time spent auto-exploring this place.
 F = Levels seen in this place.
 G = Mean time per level.
                   A        B        C        D        E       F      G
               +--------+--------+--------+--------+--------+-----+--------+
         Total |   1665 |   1634 |     31 |      0 |   1355 |   2 |  832.5 |
       Dungeon |   1665 |   1634 |     31 |      0 |   1355 |   2 |  832.5 |
               +--------+--------+--------+--------+--------+-----+--------+

Top non-repeatable levels by time:
     D:1: 948 daAuts
     D:2: 717 daAuts

Table legend:
 A = Non-vault XP
 B = Vault XP
 C = Vault XP percentage of total XP
 D = Non-vault monster count
 E = Vault monster count
 F = Vault count percentage of total count
                 A         B        C        D         E       F
            +---------+---------+-------+---------+---------+-------
      Total |     104 |      39 |  27.3 |      31 |       3 |   8.8
            +---------+---------+-------+---------+---------+-------
        D:1 |      34 |       0 |   0.0 |      21 |       0 |   0.0
        D:2 |      70 |      39 |  35.8 |      10 |       3 |  23.1
            +---------+---------+-------+---------+---------+-------

Levels and vault maps discovered:
D:1:      minmay_arrival_diagonal_passages, layout_rooms, serial_shops, shop,
          shop, shop, hellmonk_ecumenical_altar_lost_god
D:2:      layout_loops_cross, grunt_ministairs_7, uniq_terence,
          uniq_crazy_yiuf_cottage
